 Dungeon Crawl Stone Soup version 0.28.0-45-g0d030f2227 (webtiles) character file.

Game seed: 2711615434577030900

375 jimonade the Magician (level 7, -2/49 HPs)
             Began as a Djinni Ice Elementalist on Apr 8, 2022.
             Slain by a mummy (10 damage)
             ... in an ossuary.
             The game lasted 00:16:17 (4727 turns).

jimonade the Magician (Djinni Ice Elementalist)     Turns: 4727, Time: 00:16:18

Health: -2/49      AC:  3    Str:  9    XL:     7   Next: 3%
Gold:   176        EV: 12    Int: 16    God:
                   SH:  0    Dex: 14

rFire   + + +      SeeInvis .   B - +1 whip (pain)
rCold   x . .      Faith    .   (no shield)
rNeg    . . .      Spirit   .   g - +0 leather armour
rPois   ∞          Reflect  .   (no helmet)
rElec   .          Harm     .   (no cloak)
rCorr   .          Rampage  .   (no gloves)
Will    .....                   (boots unavailable)
Stlth   ++........              (no amulet)
HPRegen 0.16/turn               f - ring of protection from fire
MPRegen 0.00/turn               (no ring)

@: marked, flying
A: sickness immunity, fire resistance 2, cold vulnerability 1, float, innate
caster, HP casting, extra vitality 1
a: no special abilities


You were in an ossuary.
You visited 1 branch of the dungeon, and saw 4 of its levels.
You also visited: Ossuary.

You collected 176 gold pieces.

Inventory:

Hand Weapons
 d - a +0 short sword of holy wrath
 p - a +0 dagger of electrocution
 B - a +1 whip of pain (weapon)
Missiles
 b - 74 stones
 k - 20 sling bullets
 n - 48 arrows
 q - 36 bolts
 t - a throwing net
 x - a boomerang (quivered)
Armour
 a - a +0 robe
 g - a +0 leather armour (worn)
 j - a +0 scale mail
 m - a +0 ring mail
 A - a +0 pair of gloves
Jewellery
 f - a ring of protection from fire (left hand)
 i - a ring of positive energy
 w - a ring of protection from fire
Scrolls
 c - a scroll of amnesia {unknown}
 e - 3 scrolls of vulnerability {unknown}
 o - 2 scrolls of enchant armour {unknown}
 r - 2 scrolls of teleportation {unknown}
 u - a scroll of fear {unknown}
 v - 2 scrolls of identify {unknown}
 y - a scroll of acquirement {unknown}
Potions
 h - 2 potions of attraction {unknown}
 l - 2 potions of curing {unknown}
 s - a potion of might {unknown}
 z - a potion of magic {unknown}
 C - a potion of flight {unknown}


   Skills:
 * Level 2.1 Fighting
 + Level 1.1 Short Blades
 + Level 0.1 Maces & Flails
 + Level 0.3 Throwing
 + Level 1.9 Armour
 + Level 2.8 Dodging
 - Level 1.5 Stealth
 * Level 5.1 Spellcasting


You couldn't memorise any spells.
You knew the following spells:

 Your Spells              Type           Power      Damage    Failure   Level
a - Freeze                Ice            80%        1d9       2%          1
b - Frozen Ramparts       Ice            40%        1d6       8%          3
c - Ozocubu's Armour      Ice            20%        N/A       8%          3
d - Hailstorm             Conj/Ice       20%        3d6       24%         4
e - Slow                  Hex            80%        N/A       2%          1
f - Wereblood             Tmut           20%        N/A       3%          2
g - Spider Form           Tmut/Pois      20%        N/A       8%          3
Your spell library was empty.

Dungeon Overview and Level Annotations

Branches:
Dungeon (4/15)            Ossuary (1/1)
 Temple: D:4-7

Altars:


Innate Abilities, Weirdness & Mutations

You are immune to sickness and miasma.
You are immune to poison.
Your flesh is very heat resistant. (rF++)
You are vulnerable to cold. (rC-)
You float through the air rather than walking.
You learn spells naturally, not from books.
Your magical power is your life essence.
You have superior vitality. (+4 MHP)


Message History

The mummy is almost destroyed.
Your icy armour starts to melt.
Your primal bloodlust is almost over.
The orc zombie completely resists.
The wall freezes the orc zombie but does no damage.
The mummy resists.
The wall freezes the mummy.
You feel a bit better.
You destroy the mummy!
The kobold zombie hits you but does no damage.
The hobgoblin zombie resists.
The wall freezes the hobgoblin zombie.
The mummy completely misses you.
You have reached level 7!
The power to cast Spider Form wells up from within.
Spell assigned to 'g'.
You hit the hobgoblin zombie.
You feel a bit better.
You destroy the hobgoblin zombie!
You howl as the wereblood boils in your veins!
The orc zombie completely resists.
The wall freezes the orc zombie but does no damage.
The kobold zombie completely misses you. x2
You whack the orc zombie!
You feel a bit better.
You destroy the orc zombie!
The mummy closely misses you. The kobold zombie misses you.
The kobold zombie barely misses you.
You barely miss the kobold zombie.
The kobold zombie is lightly damaged.
The frozen ramparts melt away.
The mummy hits you!
The kobold zombie hits you but does no damage. x2
You hit the mummy.
The mummy is moderately damaged.
The kobold zombie completely misses you.
You barely miss the mummy.
The mummy is moderately damaged.
You howl as the wereblood boils in your veins!
The kobold zombie misses you. The mummy hits you!
* * * LOW HITPOINT WARNING * * *
You whack the mummy!
The mummy is severely damaged.
Your icy armour evaporates.
Your primal bloodlust has ended.
The kobold zombie completely misses you.
The kobold zombie barely misses you. The mummy hits you!
You die...

#...# #.. #...# #..
#...# #.. #...#
....# #.. #...#
....## #.. #...#
.... #.. #...# #^Z#
#.. #.Z.# #^.# #..
#ZM@# #.^# #..
#.Z.######.^######..
#...................
#........8..8.......
#...................
#...................
####################


You could see a mummy and 3 kobold zombies.

Vanquished Creatures
  A phantom (D:3)
  2 vampire bats (D:3)
  A hound (D:2)
  An iguana (D:3)
  A mummy (Ossuary)
  5 adders
  An adder zombie (Ossuary)
  A worm (D:2)
  2 dart slugs (D:2)
  An orc (D:3)
  7 endoplasms
  2 giant cockroaches
  4 goblins
  6 hobgoblins
  7 jackals
  A quokka (D:1)
  6 ball pythons
  15 bats
  7 frilled lizards
  9 hobgoblin zombies (Ossuary)
  2 jackal zombies (Ossuary)
  5 kobolds
  7 kobold zombies (Ossuary)
  9 orc zombies (Ossuary)
  5 rats
108 creatures vanquished.

Notes
Turn   | Place    | Note
-------+----------+-------------------------------------------
     0 | D:1      | jimonade the Djinni Ice Elementalist began the quest for
                  | the Orb.
     0 | D:1      | Reached XP level 1. HP: 15/15 MP: 0/0
   492 | D:1      | Reached XP level 2. HP: 21/22 MP: 0/0
   707 | D:1      | Reached XP level 3. HP: 13/26 MP: 0/0
   707 | D:1      | Learned a level 1 spell: Slow
   980 | D:1      | Found a faded altar of an unknown god.
  1651 | D:2      | Reached skill level 4 in Spellcasting
  1734 | D:2      | Reached XP level 4. HP: 22/31 MP: 0/0
  1901 | D:2      | Reached skill level 1 in Fighting
  2011 | D:2      | Reached XP level 5. HP: 28/37 MP: 0/0
  2011 | D:2      | Learned a level 2 spell: Wereblood
  3360 | D:3      | Reached skill level 1 in Armour
  3387 | D:3      | Reached XP level 6. HP: 27/42 MP: 0/0
  3760 | D:3      | Reached skill level 1 in Short Blades
  3760 | D:3      | Reached skill level 5 in Spellcasting
  4415 | D:4      | Found a sand-covered staircase.
  4423 | Ossuary  | Entered an ossuary
  4722 | Ossuary  | Reached XP level 7. HP: 27/49 MP: 0/0
  4722 | Ossuary  | Learned a level 3 spell: Spider Form
  4727 | Ossuary  | Slain by a mummy

Illustrated notes

Levels and vault maps discovered:
D:1:      tarquinn_simple_flora_water_b, layout_loops_ring,
          nicolae_ecumenical_snake_handling
D:2:      layout_basic
D:3:      layout_rooms, grunt_decor_mini_mirrors, st_stairs_2, roderic_batcave,
          chequers_serial_rivers_small_3, hex_tiny, amethyst_killhole
D:4:      layout_cave_pools, nicolae_overflow_crystal_walls, enter_ossuary_1,
          nrook_uturn
Ossuary:  ossuary_tomb_1

Skill      XL: |  1  2  3  4  5  6 |
---------------+-------------------+-----
Spellcasting   | 4 5 |  5.1
Fighting       | 1 2 |  2.1
Armour         | 1 |  1.9
Short Blades   | 1 |  1.1
Maces & Flails | |  0.1
Throwing       | |  0.3
Dodging        | |  2.8
Stealth        | |  1.5

Action                   |  1- 3 |  4- 6 |  7- 9 || total
-------------------------+-------+-------+-------++-------
Melee: Short sword       |     5 |    35 |       ||    40
       Dagger            |       |   114 |       ||   114
       Whip              |       |    96 |     6 ||   102
       Punch             |       |     4 |       ||     4
Throw: Boomerang         |       |    16 |       ||    16
 Cast: Freeze            |    47 |    37 |       ||    84
       Frozen Ramparts   |       |    11 |       ||    11
       Wereblood         |       |     7 |       ||     7
       Ozocubu's Armour  |       |     6 |       ||     6
 Stab: Sleeping          |     2 |     2 |       ||     4
       Distracted        |       |     1 |       ||     1
Armor: Robe              |     2 |       |       ||     2
       Leather armour    |     8 |   121 |     2 ||   131
Dodge: Dodged            |    19 |   245 |     9 ||   273
